 Dungeon Crawl Stone Soup version 0.27-a0-808-g60bc5d92e6 (webtiles) character file.

Game seed: 9365664674300857933

104 harryhousin the Skirmisher (level 4, -3/41 HPs)
             Began as a Gnoll Wanderer on Mar 28, 2021.
             Splashed by a jelly's acid (7 damage)
             ... on level 3 of the Dungeon.
             The game lasted 00:13:35 (2973 turns).

harryhousin the Skirmisher (Gnoll Wanderer)         Turns: 2973, Time: 00:13:38

Health: -3/41      AC: -4    Str: 14    XL:     4   Next: 80%
Magic:  8/8        EV: 10    Int: 12    God:
Gold:   110        SH:  4    Dex:  9    Spells: 9/9 levels left

rFire    . . .     SeeInvis .   l - +0 whip (venom)
rCold    . . .     Faith    .   c - +0 buckler
rNeg     . . .     Spirit   .   j - +0 scale mail
rPois    .         Reflect  .   (no helmet)
rElec    .         Harm     .   d - +0 cloak
rCorr    .         Rampage  .   (no gloves)
Will     .....                  (no boots)
Stlth    ..........             (no amulet)
HPRegen  0.13/turn              (no ring)
MPRegen  0.11/turn              (no ring)

@: corroded
A: fangs 1, strong nose, distributed training
a: no special abilities


You were on level 3 of the Dungeon.
You visited 1 branch of the dungeon, and saw 3 of its levels.

You collected 110 gold pieces.

Inventory:

Hand Weapons
 a - a +2 spear
 b - a +3 whip
 l - a +0 whip of venom (weapon)
Missiles
 m - 6 poisoned darts (quivered)
Armour
 c - a +0 buckler (worn)
 d - a +0 cloak (worn)
 j - a +0 scale mail (worn)
Scrolls
 e - 4 scrolls of identify
 f - a scroll of enchant weapon
 g - a scroll of fear
 i - 3 scrolls of magic mapping
 k - a scroll of vulnerability {unknown}
 n - a scroll of amnesia {unknown}
Potions
 h - a potion of haste
 o - a potion of flight {unknown}
 p - a potion of heal wounds {unknown}
 q - a potion of brilliance {unknown}


   Skills:
 + Level 6.6 Fighting
 + Level 1.2 Short Blades
 + Level 1.2 Long Blades
 + Level 1.2 Axes
 + Level 1.2 Maces & Flails
 + Level 1.2 Polearms
 + Level 1.2 Staves
 + Level 1.2 Slings
 + Level 1.2 Bows
 + Level 1.2 Crossbows
 + Level 1.2 Throwing
 + Level 1.2 Armour
 + Level 4.7 Dodging
 + Level 1.2 Stealth
 + Level 4.7 Shields
 + Level 1.2 Unarmed Combat
 + Level 3.0 Spellcasting
 + Level 1.0 Conjurations
 + Level 1.0 Hexes
 + Level 3.9 Summonings
 + Level 1.0 Necromancy
 + Level 1.0 Translocations
 + Level 1.0 Transmutations
 + Level 1.0 Fire Magic
 + Level 1.0 Ice Magic
 + Level 1.0 Air Magic
 + Level 1.0 Earth Magic
 + Level 1.0 Poison Magic
 + Level 1.3 Invocations
 + Level 1.2 Evocations


You had 9 spell levels left.
You didn't know any spells.
Your spell library was empty.

Dungeon Overview and Level Annotations

Branches:
Dungeon (3/15)

Altars:

Shops:
D:2 [


Innate Abilities, Weirdness & Mutations

You have very sharp teeth.
Your uncanny sense of smell can sniff out nearby items.
Your experience applies equally to all skills.


Message History

Things that are here:
a +0 dagger; 4 stones You see here a +0 leather armour.
q - a pink potion A jelly comes into view.
The jelly quivers.
The jelly closely misses you.
You barely miss the jelly. You bite the jelly.
The jelly is lightly wounded.
The jelly hits you.
You are splashed with acid!
You hit the jelly.
Your hands burn!
The jelly is moderately wounded.
The jelly closely misses you.
You hit the jelly. The acid corrodes you!
Your hands burn!
The jelly is moderately wounded.
The jelly hits you but does no damage.
You completely miss the jelly. You bite the jelly, but do no damage.
The jelly is moderately wounded.
The jelly hits you but does no damage.
You hit the jelly.
Your hands burn!
The jelly is heavily wounded.
The jelly hits you. The acid corrodes you!
You are splashed with acid!
* * * LOW HITPOINT WARNING * * *
You hit the jelly.
Your hands burn!
* * * LOW HITPOINT WARNING * * *
You bite the jelly.
The jelly is severely wounded.
The jelly barely misses you.
You hit the jelly.
The jelly is poisoned.
The acid corrodes you!
Your hands burn!
* * * LOW HITPOINT WARNING * * *
The jelly is severely wounded.
The jelly completely misses you.
You hit the jelly but do no damage.
Your hands burn!
* * * LOW HITPOINT WARNING * * *
The jelly is severely wounded.
The jelly hits you.
* * * LOW HITPOINT WARNING * * *
You are splashed with acid!
You die...

# # # #########
###.......#
....#####.#####
###.##........#
###.....#.###.#
..#.##.##.#
#.#####
#.#.......#
#...@.#
#.#########
#####J#
#.######## .#
#.##.....# .#
#.##.....# .#
.).....(.# .#
.#.#.....# .#
###......# .#
.#.#######


You could see a jelly (very poisoned).

Vanquished Creatures
  3 adders
  A gnoll (D:1)
  A worm (D:2)
  2 dart slugs (D:3)
  An orc (D:3)
  2 ball pythons
  4 bats
  5 endoplasms
  6 giant cockroaches
  4 goblins
  4 hobgoblins
  6 jackals
  8 kobolds
  7 frilled lizards
  2 rats (D:1)
56 creatures vanquished.

Notes
Turn   | Place    | Note
-------+----------+-------------------------------------------
     0 | D:1      | harryhousin the Gnoll Wanderer began the quest for the Orb.
     0 | D:1      | harryhousin set off with the following items: a +2 spear, a
                  | +0 falchion, a +0 buckler, a +0 robe
     0 | D:1      | Reached XP level 1. HP: 23/23 MP: 4/4
   381 | D:1      | Reached XP level 2. HP: 9/29 MP: 5/5
   998 | D:1      | Reached XP level 3. HP: 32/35 MP: 7/7
  1331 | D:2      | Reached skill level 1 in Invocations
  1373 | D:2      | Found Aryffuco's Antique Armour Emporium.
  1648 | D:2      | Reached skill level 1 in Short Blades
  1648 | D:2      | Reached skill level 1 in Long Blades
  1648 | D:2      | Reached skill level 1 in Axes
  1648 | D:2      | Reached skill level 1 in Maces & Flails
  1648 | D:2      | Reached skill level 1 in Polearms
  1648 | D:2      | Reached skill level 1 in Staves
  1648 | D:2      | Reached skill level 1 in Slings
  1648 | D:2      | Reached skill level 1 in Bows
  1648 | D:2      | Reached skill level 1 in Crossbows
  1648 | D:2      | Reached skill level 1 in Throwing
  1648 | D:2      | Reached skill level 1 in Armour
  1648 | D:2      | Reached skill level 1 in Stealth
  1648 | D:2      | Reached skill level 1 in Unarmed Combat
  1648 | D:2      | Reached skill level 1 in Evocations
  1843 | D:2      | Reached XP level 4. HP: 39/41 MP: 8/8
  2429 | D:3      | Reached skill level 1 in Conjurations
  2429 | D:3      | Reached skill level 1 in Hexes
  2429 | D:3      | Reached skill level 1 in Necromancy
  2429 | D:3      | Reached skill level 1 in Translocations
  2429 | D:3      | Reached skill level 1 in Transmutations
  2429 | D:3      | Reached skill level 1 in Fire Magic
  2429 | D:3      | Reached skill level 1 in Ice Magic
  2429 | D:3      | Reached skill level 1 in Air Magic
  2429 | D:3      | Reached skill level 1 in Earth Magic
  2429 | D:3      | Reached skill level 1 in Poison Magic
  2973 | D:3      | Splashed by a jelly's acid

Illustrated notes

Levels and vault maps discovered:
D:1:      scummos_arrival_simple_fountains, layout_basic
D:2:      layout_basic, serial_shops, nicolae_shop_crystal
D:3:      layout_loops_cross

Skill      XL: |  1  2  3  4 |
---------------+-------------+-----
Invocations    | 1 |  1.3
Short Blades   | 1 |  1.2
Long Blades    | 1 |  1.2
Axes           | 1 |  1.2
Maces & Flails | 1 |  1.2
Polearms       | 1 |  1.2
Staves         | 1 |  1.2
Slings         | 1 |  1.2
Bows           | 1 |  1.2
Crossbows      | 1 |  1.2
Throwing       | 1 |  1.2
Armour         | 1 |  1.2
Stealth        | 1 |  1.2
Unarmed Combat | 1 |  1.2
Evocations     | 1 |  1.2
Spellcasting   | 3 |  3.0
Conjurations   | 1 |  1.0
Hexes          | 1 |  1.0
Necromancy     | 1 |  1.0
Translocations | 1 |  1.0
Transmutations | 1 |  1.0
Fire Magic     | 1 |  1.0
Ice Magic      | 1 |  1.0
Air Magic      | 1 |  1.0
Earth Magic    | 1 |  1.0
Poison Magic   | 1 |  1.0
Fighting       | |  6.6
Dodging        | |  4.7
Shields        | |  4.7
Summonings     | |  3.9

Action                   |  1- 3 |  4- 6 || total
-------------------------+-------+-------++-------
Melee: Spear             |   153 |       ||   153
       Bite              |     9 |    11 ||    20
       Whip              |    11 |    79 ||    90
  Use: Scroll            |       |     4 ||     4
Armor: Robe              |    16 |       ||    16
       Scale mail        |    25 |    35 ||    60
Dodge: Dodged            |   121 |    45 ||   166
Block: Buckler           |    46 |    17 ||    63

Table legend: (Time is in decaauts)
 A = Elapsed time spent in this place.
 B = Non-inter-level travel time spent in this place.
 C = Inter-level travel time spent in this place.
 D = Time resting spent in this place.
 E = Time spent auto-exploring this place.
 F = Levels seen in this place.
 G = Mean time per level.
                   A        B        C        D        E       F      G
               +--------+--------+--------+--------+--------+-----+--------+
         Total |   2988 |   2948 |     40 |    853 |   1170 |   3 |  996.0 |
       Dungeon |   2988 |   2948 |     40 |    853 |   1170 |   3 |  996.0 |
               +--------+--------+--------+--------+--------+-----+--------+

Top non-repeatable levels by time:
     D:1: 1142 daAuts
     D:2: 988 daAuts
     D:3: 857 daAuts
